HSSL
JEFFERSONVILLE-YOUNGSVILLE CENTRAL HS TROJANS @ BISHOP GORMAN HS BALBASAURS
04/17/2027
 
TOP OF THE 1ST
Jeffersonville-Youngsville Central HS Trojans batting - Pitching for Bishop Gorman HS Balbasaurs : RHP Don Ford
Pitching: RHP Don Ford
Batting: RHB José Rocha 0-0: Ball
1-0: SINGLE (Line Drive, 89M)
Batting: RHB Steve Mitchell 0-0: Ball
1-0: Swinging Strike
1-1: Ball
2-1: Called Strike
2-2: Ball
3-2: Fly out, F8 (Flyball, 89D)
Batting: LHB Ben Webb 0-0: Ball
1-0: Swinging Strike
1-1: Ball
2-1: Ball
José Rocha steals 2nd base
3-1: Called Strike
3-2: Base on Balls
Batting: RHB Ben Bradley 0-0: Called Strike
0-1: Ball
1-1: Foul Ball, location: 2F
1-2: Ball
2-2: Foul Ball, location: 2F
2-2: SINGLE (Groundball, 56S) (infield hit)
José Rocha to third
Ben Webb to second
Batting: LHB Tomás Mata 0-0: Ball
1-0: Called Strike
1-1: Foul Ball, location: 2F
1-2: Ball
2-2: Foul Ball, location: 2F
2-2: SINGLE (Flyball, 5L)
José Rocha scores
Ben Webb to third
Ben Bradley to second
Batting: RHB Duane Bradley 0-0: Foul Ball, location: 2F
0-1: Called Strike
0-2: Ball
1-2: Ball
2-2: Foul Ball, location: 2F
2-2: Strikes out swinging
Batting: RHB Robbie Harris 0-0: Ball
1-0: Called Strike
1-1: Ball
2-1: Fielders Choice at 2nd, 5-4 (Groundball, 56)
Top of the 1st over - 1 run(s), 3 hit(s), 0 error(s), 2 left on base; Jeffersonville-Youngsville Central HS 1 - Bishop Gorman HS 0
BOTTOM OF THE 1ST
Bishop Gorman HS Balbasaurs batting - Pitching for Jeffersonville-Youngsville Central HS Trojans : RHP Flint Pérez
Pitching: RHP Flint Pérez
Batting: RHB Chris Cox 0-0: Ball
1-0: Ball
2-0: Ball
3-0: Base on Balls
Batting: RHB Jimmy Martin 0-0: Called Strike
0-1: Ball
1-1: Ball
2-1: Foul Ball, location: 2F
2-2: Ball
3-2: Fly out, F8 (Flyball, 89M)
Batting: RHB José Díaz 0-0: Called Strike
0-1: Foul Ball, location: 2F
0-2: Ball
1-2: Ball
2-2: Ball
3-2: Foul Ball, location: 2F
3-2: Hit by Pitch
Chris Cox to second
Batting: LHB Guillermo Peña 0-0: Swinging Strike
0-1: Called Strike
0-2: Foul Ball, location: 2F
0-2: Ball
1-2: Grounds into double play, 4-6-3 (Groundball, 4)
Bottom of the 1st over - 0 run(s), 0 hit(s), 0 error(s), 1 left on base; Jeffersonville-Youngsville Central HS 1 - Bishop Gorman HS 0
TOP OF THE 2ND
Jeffersonville-Youngsville Central HS Trojans batting - Pitching for Bishop Gorman HS Balbasaurs : RHP Don Ford
Batting: RHB Albert Hunt 0-0: Ball
1-0: Swinging Strike
1-1: Called Strike
1-2: Strikes out swinging
Batting: RHB Mike Weeks 0-0: Ball
1-0: Ball
2-0: Ball
3-0: Called Strike
3-1: Called Strike
3-2: Base on Balls
Batting: RHB José Rocha 0-0: Grounds into double play, 5-4-3 (Groundball, 56)
Top of the 2nd over - 0 run(s), 0 hit(s), 0 error(s), 0 left on base; Jeffersonville-Youngsville Central HS 1 - Bishop Gorman HS 0
BOTTOM OF THE 2ND
Bishop Gorman HS Balbasaurs batting - Pitching for Jeffersonville-Youngsville Central HS Trojans : RHP Flint Pérez
Batting: RHB Scotty Humphrey 0-0: Ball
1-0: Ball
2-0: Called Strike
2-1: Foul Ball, location: 2F
2-2: Ground out 5-3 (Groundball, 56)
Batting: RHB Sidney Gilbert 0-0: Ball
1-0: Ball
2-0: Foul Ball, location: 2F
2-1: Swinging Strike
2-2: SINGLE (Flyball, 78S)
Batting: RHB John Milligan 0-0: Ball
1-0: DOUBLE (Flyball, 78M)
Sidney Gilbert to third
Batting: RHB Mario Ramírez 0-0: Called Strike
0-1: SINGLE (Groundball, 6MD)
Sidney Gilbert scores
John Milligan to third
Runner from 3rd tries for Home, SAFE, no throw
Batting: RHB Ramón Chávez 0-0: Foul Ball, location: 2F
0-1: Ball
1-1: Foul Ball, location: 2F
1-2: Ball
2-2: Fly out, F7 (Flyball, 7)
Batting: RHB Chris Cox 0-0: Ball
1-0: Ball
2-0: Called Strike
2-1: Ball
3-1: Ground out 1-3 (Groundball, 15S)
Bottom of the 2nd over - 2 run(s), 3 hit(s), 0 error(s), 1 left on base; Jeffersonville-Youngsville Central HS 1 - Bishop Gorman HS 2
TOP OF THE 3RD
Jeffersonville-Youngsville Central HS Trojans batting - Pitching for Bishop Gorman HS Balbasaurs : RHP Don Ford
Batting: RHB Steve Mitchell 0-0: Swinging Strike
0-1: Ball
1-1: Called Strike
1-2: Ball
2-2: Ball
3-2: Foul Ball, location: 2F
3-2: Foul Ball, location: 2F
3-2: Strikes out swinging, 2-3 out at first.
Batting: LHB Ben Webb 0-0: Called Strike
0-1: Swinging Strike
0-2: Foul Ball, location: 2F
0-2: Foul Ball, location: 2F
0-2: Ball
1-2: Ball
2-2: Ball
3-2: Base on Balls
Batting: RHB Ben Bradley 0-0: DOUBLE (Line Drive, 78M)
Ben Webb to third
Runner from 3rd tries for Home, throw and OUT!
Batting: LHB Tomás Mata 0-0: Ball
1-0: Ball
2-0: Called Strike
2-1: Called Strike
2-2: Strikes out swinging
Top of the 3rd over - 0 run(s), 1 hit(s), 0 error(s), 1 left on base; Jeffersonville-Youngsville Central HS 1 - Bishop Gorman HS 2
BOTTOM OF THE 3RD
Bishop Gorman HS Balbasaurs batting - Pitching for Jeffersonville-Youngsville Central HS Trojans : RHP Flint Pérez
Batting: RHB Jimmy Martin 0-0: Ball
1-0: Foul Ball, location: 2F
1-1: Foul Ball, location: 2F
1-2: Ball
2-2: DOUBLE (Line Drive, 7LM)
Batting: RHB José Díaz 0-0: Called Strike
0-1: Ball
1-1: Foul Ball, location: 2F
1-2: Foul Ball, location: 2F
1-2: Ball
2-2: Foul Ball, location: 2F
2-2: Ground out 4-3 (Groundball, 34)
Jimmy Martin to third
Batting: LHB Guillermo Peña 0-0: Called Strike
0-1: Swinging Strike
0-2: Ball
1-2: Strikes out swinging
Batting: RHB Scotty Humphrey 0-0: Ball
1-0: Ball
2-0: Ball
3-0: Called Strike
3-1: Base on Balls
Batting: RHB Sidney Gilbert 0-0: Called Strike
0-1: Called Strike
0-2: Single, Error in OF, E7, batter to second base
Jimmy Martin scores
Scotty Humphrey to third
Batting: RHB John Milligan 0-0: Hit by Pitch
Batting: RHB Mario Ramírez 0-0: Called Strike
0-1: Ball
1-1: Called Strike
1-2: Foul Ball, location: 2F
1-2: Foul Ball, location: 2F
1-2: Foul Ball, location: 2F
1-2: Ball
2-2: Ball
3-2: Base on Balls
Scotty Humphrey scores
Sidney Gilbert to third
John Milligan to second
Pitching: RHP Victor Justice
Batting: RHB Ramón Chávez 0-0: Ball
1-0: Ball
2-0: Foul Ball, location: 2F
2-1: Ball
3-1: Ground out 6-3 (Groundball, 6M)
Bottom of the 3rd over - 2 run(s), 2 hit(s), 1 error(s), 3 left on base; Jeffersonville-Youngsville Central HS 1 - Bishop Gorman HS 4
TOP OF THE 4TH
Jeffersonville-Youngsville Central HS Trojans batting - Pitching for Bishop Gorman HS Balbasaurs : RHP Don Ford
Batting: RHB Duane Bradley 0-0: Called Strike
0-1: Bunted foul
0-2: DOUBLE (Line Drive, 9LM)
Batting: RHB Robbie Harris 0-0: Ball
1-0: Called Strike
1-1: Ball
2-1: Called Strike
2-2: Strikes out looking
Batting: RHB Albert Hunt 0-0: Called Strike
0-1: Ball
1-1: SINGLE (Line Drive, 89S)
Duane Bradley to third
Pitching: RHP Rafael Moreno
Batting: RHB Mike Weeks 0-0: Called Strike
Albert Hunt steals 2nd base
0-1: Foul Ball, location: 2F
0-2: Foul Ball, location: 2F
0-2: Ball
1-2: Foul Ball, location: 2F
1-2: Ball
2-2: Strikes out looking
Batting: RHB José Rocha 0-0: Swinging Strike
0-1: Ball
1-1: Foul Ball, location: 2F
1-2: Ball
2-2: Reached on error, E4 (Groundball, 4)
Duane Bradley scores
Albert Hunt to third
Batting: RHB Steve Mitchell 0-0: Ball
1-0: Foul Ball, location: 2F
1-1: Ball
2-1: Ground out 5-3 (Groundball, 56S)
Top of the 4th over - 1 run(s), 2 hit(s), 1 error(s), 2 left on base; Jeffersonville-Youngsville Central HS 2 - Bishop Gorman HS 4
BOTTOM OF THE 4TH
Bishop Gorman HS Balbasaurs batting - Pitching for Jeffersonville-Youngsville Central HS Trojans : RHP Victor Justice
Batting: RHB Chris Cox 0-0: Ball
1-0: Bunt missed!
1-1: Foul Ball, location: 2F
1-2: Ball
2-2: Foul Ball, location: 2F
2-2: Ground out 1-3 (Groundball, 15)
Batting: RHB Jimmy Martin 0-0: Called Strike
0-1: Ball
1-1: Called Strike
1-2: Ball
2-2: Fly out, F9 (Flyball, 89M)
Batting: RHB José Díaz 0-0: Ball
1-0: Foul Ball, location: 2F
1-1: Ball
2-1: Ball
3-1: Base on Balls
Batting: LHB Guillermo Peña 0-0: Ball
José Díaz steals 2nd base
1-0: Ball
2-0: Ball
3-0: Base on Balls
Batting: RHB Scotty Humphrey 0-0: Ball
1-0: Called Strike
1-1: Ball
2-1: Foul Ball, location: 2F
2-2: Foul Ball, location: 2F
2-2: Foul Ball, location: 2F
2-2: Ball
3-2: Base on Balls
José Díaz to third
Guillermo Peña to second
Pitching: RHP Johnny Outram
Batting: RHB Sidney Gilbert 0-0: Ball
1-0: Fly out, F4 (Flyball, 34D)
Bottom of the 4th over - 0 run(s), 0 hit(s), 0 error(s), 3 left on base; Jeffersonville-Youngsville Central HS 2 - Bishop Gorman HS 4
TOP OF THE 5TH
Jeffersonville-Youngsville Central HS Trojans batting - Pitching for Bishop Gorman HS Balbasaurs : RHP Rafael Moreno
Batting: LHB Ben Webb 0-0: Fly out, F7 (Flyball, 7)
Batting: RHB Ben Bradley 0-0: Ball
1-0: Ball
2-0: Called Strike
2-1: Foul Ball, location: 2F
2-2: Strikes out swinging
Batting: LHB Tomás Mata 0-0: Foul Ball, location: 2F
0-1: Ball
1-1: Ball
2-1: Ball
3-1: Called Strike
3-2: Base on Balls
Batting: RHB Duane Bradley 0-0: Ball
1-0: Ball
2-0: Ball
Wild Pitch!
Tomás Mata to second
3-0: Base on Balls
Pitching: RHP Rafael Hernández
Batting: RHB Robbie Harris 0-0: Ball
1-0: SINGLE (Flyball, 8RS)
Tomás Mata to third
Duane Bradley to second
Runner from 3rd tries for Home, SAFE, no throw
Batting: RHB Albert Hunt 0-0: Called Strike
0-1: DOUBLE (Flyball, 89M)
Duane Bradley scores
Robbie Harris to third
Batting: RHB Mike Weeks 0-0: Ball
1-0: Ball
2-0: Ball
3-0: Base on Balls
Batting: RHB José Rocha 0-0: Called Strike
0-1: Foul Ball, location: 2F
0-2: DOUBLE (Line Drive, 89M)
Robbie Harris scores
Albert Hunt scores
Mike Weeks to third
Runner from 3rd tries for Home, SAFE, no throw
Batting: RHB Steve Mitchell 0-0: Ball
1-0: Called Strike
1-1: Ball
Wild Pitch!
José Rocha to third
2-1: Foul Ball, location: 2F
2-2: Foul Ball, location: 2F
2-2: Ball
3-2: Foul Ball, location: 2F
3-2: Fly out, F9 (Flyball, 9LS)
Top of the 5th over - 5 run(s), 3 hit(s), 0 error(s), 1 left on base; Jeffersonville-Youngsville Central HS 7 - Bishop Gorman HS 4
BOTTOM OF THE 5TH
Bishop Gorman HS Balbasaurs batting - Pitching for Jeffersonville-Youngsville Central HS Trojans : RHP Johnny Outram
Batting: RHB John Milligan 0-0: Ball
1-0: Foul Ball, location: 2F
1-1: Called Strike
1-2: Strikes out looking
Batting: RHB Mario Ramírez 0-0: Ground out 4-3 (Groundball, 4)
Batting: RHB Ramón Chávez 0-0: Ball
1-0: Swinging Strike
1-1: Ground out 5-3 (Groundball, 56)
Bottom of the 5th over - 0 run(s), 0 hit(s), 0 error(s), 0 left on base; Jeffersonville-Youngsville Central HS 7 - Bishop Gorman HS 4
TOP OF THE 6TH
Jeffersonville-Youngsville Central HS Trojans batting - Pitching for Bishop Gorman HS Balbasaurs : RHP Rafael Hernández
Pitching: RHP Mike Lovell
Batting: LHB Ben Webb 0-0: Ball
1-0: Ball
2-0: Ball
3-0: Base on Balls
Batting: RHB Ben Bradley 0-0: Called Strike
0-1: Ball
1-1: Ball
2-1: Ball
3-1: Swinging Strike
3-2: Foul Ball, location: 2F
3-2: Strikes out swinging
Batting: LHB Tomás Mata 0-0: Fly out, F9 (Line Drive, 9)
Batting: RHB Duane Bradley 0-0: Ball
1-0: Called Strike
1-1: Fielders Choice at 2nd, 4-6 (Groundball, 4)
Top of the 6th over - 0 run(s), 0 hit(s), 0 error(s), 0 left on base; Jeffersonville-Youngsville Central HS 7 - Bishop Gorman HS 4
BOTTOM OF THE 6TH
Bishop Gorman HS Balbasaurs batting - Pitching for Jeffersonville-Youngsville Central HS Trojans : RHP Johnny Outram
Batting: RHB Chris Cox 0-0: Bunt missed!
0-1: SINGLE (Groundball, 4MD)
Pitching: RHP Marty Ford
Batting: RHB Jimmy Martin 0-0: Swinging Strike
0-1: Called Strike
0-2: Ball
1-2: Ball
2-2: Foul Ball, location: 2F
2-2: Ball
3-2: Base on Balls
Chris Cox to second
Batting: RHB José Díaz 0-0: Ball
1-0: Ball
2-0: Called Strike
2-1: Called Strike
2-2: Ball
3-2: Base on Balls
Chris Cox to third
Jimmy Martin to second
Pitching: RHP James Baker
Batting: LHB Guillermo Peña 0-0: Called Strike
0-1: Swinging Strike
0-2: Ball
1-2: GRAND SLAM HOME RUN (Flyball, 9D), Distance : 357 ft
Batting: RHB Scotty Humphrey 0-0: Ball
1-0: Called Strike
1-1: Foul Ball, location: 2F
1-2: SINGLE (Groundball, 25) (infield hit)
Pitching: RHP Jim Bryant
Batting: RHB Sidney Gilbert 0-0: Ball
1-0: Ball
2-0: DOUBLE (Line Drive, 7LM)
Scotty Humphrey to third
Batting: RHB John Milligan 0-0: Ground out 5-3 (Groundball, 56)
Scotty Humphrey scores
Batting: RHB Mario Ramírez 0-0: Ball
1-0: Foul Ball, location: 2F
1-1: Foul Ball, location: 2F
1-2: Fly out, F3 (Popup, 3)
Batting: RHB Ramón Chávez 0-0: Swinging Strike
0-1: Ball
1-1: Fly out, F7 (Flyball, 7)
Bottom of the 6th over - 5 run(s), 4 hit(s), 0 error(s), 1 left on base; Jeffersonville-Youngsville Central HS 7 - Bishop Gorman HS 9
TOP OF THE 7TH
Jeffersonville-Youngsville Central HS Trojans batting - Pitching for Bishop Gorman HS Balbasaurs : RHP Mike Lovell
Batting: RHB Robbie Harris 0-0: Ball
1-0: Ball
2-0: Ball
3-0: Called Strike
3-1: Called Strike
3-2: DOUBLE (Line Drive, 7LM)
Batting: RHB Albert Hunt 0-0: Ball
1-0: Called Strike
1-1: Ball
2-1: Ground out 5-3 (Groundball, 5)
Pitching: RHP Keith Crabtree
Batting: RHB Mike Weeks 0-0: Ball
1-0: Foul Ball, location: 2F
1-1: Foul Ball, location: 2F
1-2: Foul Ball, location: 2F
1-2: Foul Ball, location: 2F
1-2: Reached on error, E6 (Flyball, 6D)
Robbie Harris to third
Batting: RHB José Rocha 0-0: Foul Ball, location: 2F
0-1: Fly out, F4 (Popup, 34D)
Batting: RHB Steve Mitchell 0-0: Ball
1-0: Called Strike
1-1: Fly out, F9 (Flyball, 89M)
Top of the 7th over - 0 run(s), 1 hit(s), 1 error(s), 2 left on base; Jeffersonville-Youngsville Central HS 7 - Bishop Gorman HS 9
BOTTOM OF THE 7TH
Bishop Gorman HS Balbasaurs batting - Pitching for Jeffersonville-Youngsville Central HS Trojans : RHP Jim Bryant
Batting: RHB Chris Cox 0-0: Called Strike
0-1: Ball
1-1: Ball
2-1: Fly out, F7 (Line Drive, 7)
Batting: RHB Jimmy Martin 0-0: Ball
1-0: Ball
2-0: Ball
3-0: Base on Balls
Batting: RHB José Díaz 0-0: Ball
1-0: Foul Ball, location: 2F
1-1: 2-RUN HOME RUN (Line Drive, 7D), Distance : 389 ft
Batting: LHB Guillermo Peña 0-0: Ball
1-0: Foul Ball, location: 2F
1-1: Foul Ball, location: 2F
1-2: Ball
2-2: Ground out 6-3 (Groundball, 6)
Batting: RHB Scotty Humphrey 0-0: Foul Ball, location: 2F
0-1: Ball
1-1: Ball
2-1: Ball
3-1: Foul Ball, location: 2F
3-2: Fly out, F9 (Flyball, 89D)
Bottom of the 7th over - 2 run(s), 1 hit(s), 0 error(s), 0 left on base; Jeffersonville-Youngsville Central HS 7 - Bishop Gorman HS 11
TOP OF THE 8TH
Jeffersonville-Youngsville Central HS Trojans batting - Pitching for Bishop Gorman HS Balbasaurs : RHP Keith Crabtree
Batting: LHB Ben Webb 0-0: Ball
1-0: Called Strike
1-1: Ball
2-1: Ball
3-1: Base on Balls
Batting: RHB Ben Bradley 0-0: Ball
1-0: Foul Ball, location: 2F
1-1: Ball
2-1: Foul Ball, location: 2F
2-2: Ball
3-2: SINGLE (Groundball, 6D)
Ben Webb to second
Batting: LHB Tomás Mata 0-0: Ball
1-0: Foul Ball, location: 2F
1-1: Called Strike
1-2: Foul Ball, location: 2F
1-2: Ball
2-2: Ball
3-2: Strikes out looking
Pitching: RHP Ronnie Couch
Batting: RHB Duane Bradley 0-0: Fly out, F8 (Flyball, 89M)
Batting: RHB Robbie Harris 0-0: Ball
1-0: Called Strike
1-1: Ball
2-1: Foul Ball, location: 2F
2-2: Ball
3-2: Foul Ball, location: 2F
3-2: Strikes out swinging
Top of the 8th over - 0 run(s), 1 hit(s), 0 error(s), 2 left on base; Jeffersonville-Youngsville Central HS 7 - Bishop Gorman HS 11
BOTTOM OF THE 8TH
Bishop Gorman HS Balbasaurs batting - Pitching for Jeffersonville-Youngsville Central HS Trojans : RHP Jim Bryant
Batting: RHB Sidney Gilbert 0-0: Ball
1-0: Called Strike
1-1: Foul Ball, location: 2F
1-2: Foul Ball, location: 2F
1-2: Ball
2-2: Foul Ball, location: 2F
2-2: SINGLE (Groundball, 6MD)
Batting: RHB John Milligan 0-0: Ball
Sidney Gilbert steals 2nd base
1-0: Ball
2-0: Ball
3-0: Base on Balls
Batting: RHB Mario Ramírez 0-0: Foul Ball, location: 2F
0-1: SINGLE (Groundball, 4MD)
Sidney Gilbert to third
John Milligan to second
Batting: RHB Ramón Chávez 0-0: Ball
1-0: Foul Ball, location: 2F
1-1: Ball
2-1: Ball
3-1: Called Strike
3-2: Base on Balls
Sidney Gilbert scores
John Milligan to third
Mario Ramírez to second
Batting: RHB Chris Cox 0-0: Called Strike
0-1: Called Strike
0-2: Ball
1-2: Ball
2-2: Ball
3-2: Base on Balls
John Milligan scores
Mario Ramírez to third
Ramón Chávez to second
Batting: RHB Jimmy Martin 0-0: Ball
1-0: Ball
2-0: Ball
Wild Pitch!
Mario Ramírez scores
Ramón Chávez to third
Chris Cox to second
3-0: Called Strike
3-1: Base on Balls
Pitching: LHP Mike McGee
Batting: RHB José Díaz 0-0: Ball
1-0: Ball
2-0: SINGLE (Groundball, 6MD)
Ramón Chávez scores
Chris Cox to third
Jimmy Martin to second
Batting: LHB Guillermo Peña 0-0: Foul Ball, location: 2F
0-1: Ball
1-1: Foul Ball, location: 2F
1-2: Ball
2-2: Ball
3-2: Foul Ball, location: 2F
3-2: Foul Ball, location: 2F
3-2: Fly out, F7 (Flyball, 7LMF)
Runner from 3rd tags up, SCORES, no throw
Batting: RHB Scotty Humphrey 0-0: Ball
1-0: Fly out, F3 (Popup, 34)
Batting: RHB Sidney Gilbert 0-0: Ball
1-0: Ball
2-0: Fly out, F9 (Flyball, 9S)
Bottom of the 8th over - 5 run(s), 3 hit(s), 0 error(s), 2 left on base; Jeffersonville-Youngsville Central HS 7 - Bishop Gorman HS 16
TOP OF THE 9TH
Jeffersonville-Youngsville Central HS Trojans batting - Pitching for Bishop Gorman HS Balbasaurs : RHP Ronnie Couch
Now at C: Jake Rutledge
Now at 2B: Zhen-bang Rao
Batting: RHB Albert Hunt 0-0: Ball
1-0: Ball
2-0: Called Strike
2-1: Foul Ball, location: 2F
2-2: Strikes out looking
Batting: RHB Mike Weeks 0-0: Ball
1-0: Ball
2-0: Foul Ball, location: 2F
2-1: Ball
3-1: Base on Balls
Pitching: RHP Hugues Proulx
Batting: RHB José Rocha 0-0: Called Strike
0-1: Foul Ball, location: 2F
0-2: Ball
1-2: SINGLE (Line Drive, 56D)
Mike Weeks to second
Batting: RHB Steve Mitchell 0-0: Ball
1-0: Called Strike
1-1: Ball
2-1: Ball
3-1: Base on Balls
Mike Weeks to third
José Rocha to second
Batting: LHB Ben Webb 0-0: Called Strike
0-1: Ball
1-1: Foul Ball, location: 2F
1-2: Ball
2-2: Ball
3-2: SINGLE (Groundball, 4MD)
Mike Weeks scores
José Rocha to third
Steve Mitchell to second
Runner from 3rd tries for Home, throw and OUT!
Batting: RHB Ben Bradley 0-0: Called Strike
0-1: Fielders Choice at 2nd, 6-4 (Groundball, 6)
Top of the 9th over - 1 run(s), 2 hit(s), 0 error(s), 1 left on base; Jeffersonville-Youngsville Central HS 8 - Bishop Gorman HS 16
Thursday, March 30th, 2017 - OOTP Baseball 17.12 Build 75